 Dungeon Crawl Stone Soup version 0.28.0-53-g5a82cb258f (webtiles) character file.

Game seed: 7474354267364464320

203093 Labrat the Eclecticist (level 17, -48/146 HPs)
             Began as a Demigod Conjurer on July 2, 2022.
             Killed from afar by a titan (68 damage)
             ... with a bolt of lightning
             ... on level 2 of the Depths on July 6, 2022.
             The game lasted 03:01:03 (61111 turns).

Labrat the Eclecticist (Demigod Conjurer)          Turns: 61111, Time: 03:01:05

Health: -48/146    AC: 11    Str:  8    XL:     17   Next: 72%
Magic:  8/46       EV: 26    Int: 40    God:
Gold:   3226       SH:  4    Dex: 12    Spells: 10/54 levels left

rFire   . . .      SeeInvis .   b - staff of conjuration
rCold   . . .      Faith    .   f - +1 buckler {reflect}
rNeg    . . .      Spirit   .   M - +2 robe {Will+}
rPois   .          Reflect  +   m - +2 hat {Will+}
rElec   .          Harm     .   y - +0 cloak
rCorr   .          Rampage  .   (no gloves)
Will    +++..                   (no boots)
Stlth   ++........              u - amulet of the acrobat
HPRegen 0.34/turn               D - +4 ring of protection
MPRegen 0.30/turn               H - ring of wizardry

@: marked, acrobatic, studying Earth Magic
A: high MP 1, forlorn, divine attributes
a: no special abilities


You were on level 2 of the Depths.
You visited 8 branches of the dungeon, and saw 31 of its levels.
You also visited: Ice Cave.

You collected 3789 gold pieces.
You spent 563 gold pieces at shops.

Inventory:

Hand Weapons
 R - the +6 rapier of Makhleb's Respect {freeze, Will+ Dex+3 SInv}
   (You found it on level 14 of the Dungeon)

   It freezes those it strikes, dealing additional cold damage.
   It can also slow down cold-blooded creatures.
   Dex:       It affects your dexterity (+3).
   SInv:      It lets you see invisible.
   Will:      It increases your willpower.
Missiles
 v - 2 throwing nets
 E - 2 curare-tipped darts
 S - 5 datura-tipped darts
Armour
 f - a +1 buckler of reflection (worn)
 m - a +2 hat of willpower (worn)
 y - a +0 cloak (worn)
 M - a +2 robe of willpower (worn)
Magical Staves
 b - a staff of conjuration (weapon)
Jewellery
 u - an amulet of the acrobat (around neck)
 D - a +4 ring of protection (left hand)
 F - a ring of flight
 H - a ring of wizardry (right hand)
 V - a ring of resist corrosion
 Z - a ring of willpower
Wands
 c - a wand of mindburst (9)
 q - a wand of polymorph (31)
 K - a wand of iceblast (12)
 N - a wand of acid (13)
 Q - a wand of digging (12)
 T - a wand of flame (23)
 U - a wand of charming (11)
 X - a wand of paralysis (9)
Scrolls
 h - 2 scrolls of enchant weapon
 i - 11 scrolls of teleportation
 j - 4 scrolls of enchant armour
 n - a scroll of summoning
 t - 4 scrolls of fog
 z - 3 scrolls of fear
 A - 2 scrolls of acquirement
 C - 7 scrolls of blinking
 G - 5 scrolls of amnesia
 J - 5 scrolls of immolation
Potions
 a - 10 potions of mutation
 d - a potion of degeneration {unknown}
 e - 11 potions of heal wounds
 g - 5 potions of lignification
 k - 12 potions of curing
 l - 4 potions of resistance
 o - 3 potions of ambrosia
 p - 2 potions of cancellation
 r - 6 potions of haste
 s - 2 potions of invisibility
 w - 5 potions of brilliance
 x - 2 potions of flight {unknown}
 B - 4 potions of magic
 O - 2 potions of might
 P - 3 potions of attraction
Miscellaneous
 I - a condenser vane (inert)
 L - a phantom mirror (inert)
 W - a phial of floods (inert)


   Skills:
 - Level 12.0 Fighting
 - Level 1.7 Dodging
 - Level 1.7 Stealth
 + Level 19.0 Spellcasting
 - Level 18.0 Conjurations
 - Level 5.0 Summonings
 - Level 5.0 Air Magic
 - Level 8.0 Evocations


You had 10 spell levels left.
You knew the following spells:

 Your Spells              Type           Power      Damage    Failure   Level
a - Iron Shot             Conj/Erth      52%        9d10      1%          6
c - Iskenderun's Mystic   Conj/Tloc      100%       2d19      1%          4
d - Freezing Cloud        Conj/Ice/Air   49%        6-21      1%          5
e - Mephitic Cloud        Conj/Pois/Air  99%        N/A       1%          3
f - Fulminant Prism       Conj/Hex       52%        3d23      1%          4
g - Lightning Bolt        Conj/Air       57%        1d79      1%          5
h - Summon Forest         Summ/Tloc      27%        N/A       4%          5
i - Fireball              Conj/Fire      52%        3d20      1%          5
k - Spellforged Servitor  Conj/Summ      57%        N/A       2%          7

Your spell library contained the following spells:

 Spells                   Type           Power      Damage    Failure   Level
 Magic Dart               Conj           100%       1d8       0%          1
 Searing Ray              Conj           100%       2d8       0%          2
 Static Discharge         Conj/Air       100%       N/A       0%          2
 Iskenderun's Battlesphe  Conj           100%       2d15      0%          5
 Animate Skeleton         Necr           76%        N/A       1%          1
 Apportation              Tloc           76%        N/A       1%          1
 Slow                     Hex            100%       N/A       1%          1
 Summon Small Mammal      Summ           100%       N/A       1%          1
 Blink                    Tloc           76%        N/A       1%          2
 Ensorcelled Hibernation  Hex/Ice        76%        N/A       1%          2
 Passwall                 Tmut/Erth      31%        N/A       1%          2
 Sublimation of Blood     Necr           38%        N/A       1%          2
 Confusing Touch          Hex            38%        N/A       1%          3
 Dazzling Flash           Conj/Hex       100%       N/A       1%          3
 Gell's Gravitas          Tloc           38%        N/A       1%          3
 Ignite Poison            Fire/Tmut/Pois 38%        N/A       1%          3
 Inner Flame              Hex/Fire       38%        N/A       1%          3
 Lesser Beckoning         Tloc           38%        N/A       1%          3
 Swiftness                Air            67%        N/A       1%          3
 Teleport Other           Tloc           38%        N/A       1%          3
 Vampiric Draining        Necr           38%        2d8       1%          3
 Irradiate                Conj/Tmut      52%        3d31      1%          5
 Starburst                Conj/Fire      52%        6d14      1%          6
 Animate Dead             Necr           19%        N/A       4%          4
 Cause Fear               Hex            19%        N/A       4%          4
 Petrify                  Tmut/Erth      38%        N/A       4%          4
 Summon Mana Viper        Hex/Summ       55%        N/A       4%          5
 Summon Cactus Giant      Summ           33%        N/A       8%          6
 Manifold Assault         Tloc           38%        N/A       11%         5
 Dispersal                Tloc           19%        N/A       47%         6
 Haunt                    Necr/Summ      27%        N/A       71%         7
 Storm Form               Tmut/Air       27%        N/A       71%         7
 Maxwell's Capacitive Co  Air            33%        ∞         95%         8
 Discord                  Hex            19%        N/A       100%        8
 Disjunction              Tloc           19%        N/A       100%        8
 Ignition                 Fire           19%        3d7       100%        8
 Infestation              Necr           19%        N/A       100%        8


Dungeon Overview and Level Annotations

Branches:
Dungeon (15/15)            Temple (1/1) D:6            Lair (6/6) D:8
 Shoals (1/4) Lair:2       Spider (1/4) Lair:2        Slime (0/5) Lair:5
    Orc (2/2) D:11            Elf (3/3) Orc:2        Vaults (0/5) D:13
 Depths (2/4) D:15          IceCv (visited)

Shops:
D:3 =[   D:7 (?*   D:9 =   D:10 ?   Orc:1 (   Orc:2 [!((   Elf:2 [
Elf:3 [=[[(

Portals:
Hell: Depths:1
Ziggurat: Depths:1
Trove: Depths:1 (give 16 potions of curing)

Annotations:
D:8 potion behind water


Innate Abilities, Weirdness & Mutations

You have an increased reservoir of magic. (+10% MP)
You shall have no god before yourself.
Your divine heritage dramatically boosts your attributes as you level up.


Message History

The ettin hits your ice dragon but does no damage.
Your titan hits the titan.
Unknown command.
Unknown command.
Unknown command.
Unknown command.
Unknown command.
Aim the phial where?
Press: ? - help, Shift-Dir - straight line, f - golden dragon, p - titan
Aim: a golden dragon (flame)
The torrent of water hits the golden dragon!!
The golden dragon is lightly wounded.
The golden dragon is knocked back by the torrent of water.
The wave splashes down.
The golden dragon is engulfed in water.
Your ice dragon is engulfed in blazing flames.
Your ice dragon bites the ettin.
Your ice dragon claws the ettin!
The ettin dies!
The titan is engulfed in blazing flames.
The titan hits your titan but does no damage.
Your titan hits the titan.
The golden dragon is engulfed in blazing flames.
The golden dragon breathes fire at you. The bolt of fire hits you!!!
* * * LOW HITPOINT WARNING * * *
Unknown command.
Unknown command.
Your ice dragon is engulfed in blazing flames.
A frost giant comes into view.
It is wielding a +1 battleaxe of freezing.
The titan is engulfed in blazing flames.
The titan hits your titan but does no damage.
Your titan hits the titan!!
You hear a grinding noise.
Unknown command.
A lich comes into view.
The titan is engulfed in blazing flames.
The titan gestures at you while chanting.
The bolt of lightning hits your titan.
Your titan completely resists.
The bolt of lightning hits you!!!
You die...

... ###.#
##...#
#..###
######D≈#
#...§≈≈≈#
#..####§'L
#...CC§C#
##D@######
#§§.#
#§### #§#
#.# ##.#
#.)# #.##
##.#


You could see a titan (ally target), a frost giant, a lich, a friendly titan
(summoned, drained) and a friendly ice dragon (charmed).

Vanquished Creatures
  Jorgrun (D:14)
  3 deep elf blademasters
  2 deep elf master archers (Elf:3)
  Kirke (D:15)
  3 frost giants
  5 deep elf sorcerers
  An orc warlord (Orc:2)
  Louise (D:14)
  7 deep elf elementalists
  2 stone giants (Depths:1)
  A deep elf demonologist (Elf:2)
  4 very ugly things (Depths:1)
  8 deep elf annihilators
  A spark wasp (Depths:1)
  4 ettins
  3 fire dragons
  8 deep elf death magi
  11 hydras
  3 great orbs of eyes (Depths:1)
  A boulder beetle (D:11)
  4 ice dragons
  The ghost of Nefuv the Blocker, a journeyman MiBe of Trog (Lair:3)
  A deep elf high priest (Elf:3)
  The ghost of Dismifuto the Slicer, a journeyman DsCK of Wu Jian (Lair:3)
  2 spriggan air magi (Depths:2)
  A catoblepas (D:13)
  2 ogre magi (D:15)
  2 anacondas (Lair:2)
  8 centaur warriors
  16 two-headed ogres
  27 dancing weapons
  A death knight (D:13)
  11 death yaks
  A deep troll shaman (Depths:1)
  A deep troll earth mage (Depths:1)
  7 tengu warriors
  An orc high priest (Orc:2)
  A spriggan berserker (Depths:2)
  23 deep elf knights
  Urug (Lair:2)
  The ghost of cheechan the Gusty, a novice NaAE of Zin (D:10)
  A skeletal warrior (D:9)
  A sea snake (Lair:2)
  A lindwurm (Lair:6)
  3 deep trolls
  12 deep elf archers
  2 bog bodies (IceCv)
  5 orc knights
  28 deep elf pyromancers
  13 ugly things
  5 orc sorcerers
  29 deep elf zephyrmancers
  2 wolf spiders (Spider:1)
  6 cyclopes
  2 oklob plants (Lair:5)
  6 manticores
  13 elephants
  A merfolk siren (Shoals:1)
  An ice statue (IceCv)
  An eye of devastation (Depths:1)
  Joseph (D:7)
  6 black mambas
  3 molten gargoyles
  Maggie (D:8)
  4 kobold demonologists
  14 cane toads
  2 rime drakes
  A freezing wraith (IceCv)
  An anaconda simulacrum (IceCv)
  An ice devil (IceCv)
  2 efreet
  15 komodo dragons
  A merfolk (Shoals:1)
  5 trolls
  4 meliai
  A tarantella (Spider:1)
  2 polar bears
  3 hornets
  A wind drake (D:13)
  Grinder (D:5)
  12 slime creatures
  A snapping turtle (Shoals:1)
  A meliai zombie (D:11)
  A jumping spider (Lair:2)
  Sigmund (D:2)
  2 spriggans (Depths:2)
  4 air elementals
  2 shadows
  23 yaks
  A vampire (D:11)
  A centaur simulacrum (D:15)
  4 water elementals
  6 wyverns
  3 fire elementals (Elf:3)
  5 wraiths
  Eustachio (D:6)
  3 hogs (D:15)
  5 vampire mosquitoes (D:10)
  6 steam dragons
  A hog (shapeshifter) (D:11)
  8 basilisks
  15 humans (D:13)
  A swamp worm (shapeshifter) (Elf:3)
  Menkaure (D:4)
  5 death yak simulacra
  5 wargs
  3 acid dragons
  A floating eye (Depths:1)
  16 water moccasins
  4 hell hounds (Lair:6)
  A hornet zombie (D:7)
  An ice beast (D:5)
  37 orc warriors
  5 black bears
  10 wolves (Lair:1)
  8 ogres
  18 centaurs
  A phantom (D:6)
  Blork the orc (D:5)
  8 bullfrogs
  6 earth elementals
  5 scorpions
  A water moccasin zombie (D:5)
  3 cane toad simulacra (IceCv)
  8 two-headed ogre simulacra
  A wyvern skeleton (D:5)
  5 elephant simulacra
  11 killer bees
  2 oklob saplings (D:8)
  A howler monkey (D:9)
  2 electric eels
  4 lava snakes (Lair:6)
  5 centaur zombies
  A gnoll shaman (D:4)
  20 orc priests
  6 hounds
  2 jellies (D:7)
  Crazy Yiuf (D:6)
  Natasha (thrice) (D:4)
  A centaur skeleton (D:4)
  2 iguanas
  22 orc wizards
  5 hell rats (Lair:5)
  2 polar bear simulacra (IceCv)
  7 spriggan simulacra
  4 troll simulacra
  2 wolf simulacra (IceCv)
  A killer bee zombie (D:6)
  8 gnolls
  5 naga simulacra (IceCv)
  6 adders
  11 white imps
  4 ufetubi (IceCv)
  2 adder zombies (D:5)
  An adder skeleton (D:5)
  2 worms
  2 dart slugs
  81 orcs
  2 endoplasms
  5 giant cockroaches
  8 goblins
  9 hobgoblins
  4 jackals
  2 quokkas
  14 ball pythons
  5 bats
  A frilled lizard (D:1)
  7 kobolds
  5 rats
  2 fulminant prisms
935 creatures vanquished.

Vanquished Creatures (collateral kills)
  A stone giant (Depths:1)
  An ettin (Depths:2)
  A dancing weapon (Elf:2)
  A deep elf archer (Elf:3)
  A deep elf pyromancer (Elf:2)
5 creatures vanquished.

Vanquished Creatures (others)
  A hydra (D:9)
  A slime creature (D:15)
  2 humans
  A water elemental (Elf:3)
  A wyvern (Lair:6)
  248 fulminant prisms
  38 fungi
  49 plants
  2 snaplasher vines (Elf:2)
343 creatures vanquished.

Grand Total: 1283 creatures vanquished

Notes
Turn   | Place    | Note
-------+----------+-------------------------------------------
     0 | D:1      | Labrat the Demigod Conjurer began the quest for the Orb.
     0 | D:1      | Reached XP level 1. HP: 14/14 MP: 5/5
   180 | D:1      | Reached skill level 2 in Spellcasting
   268 | D:1      | You fall into a shaft and drop 1 floor!
   282 | D:2      | Reached XP level 2. HP: 13/20 MP: 0/7
   530 | D:2      | Noticed Sigmund
  1522 | D:1      | Reached XP level 3. HP: 26/26 MP: 4/9
  1525 | D:1      | Learned a level 2 spell: Searing Ray
  2046 | D:2      | Killed Sigmund
  2047 | D:2      | Reached skill level 3 in Spellcasting
  2047 | D:2      | Reached skill level 5 in Conjurations
  2047 | D:2      | Reached XP level 4. HP: 30/33 MP: 3/12
  2047 | D:2      | Reached XP level 5. HP: 35/38 MP: 3/13
  2425 | D:3      | Found Hujesaiz's Jewellery Shop.
  2791 | D:3      | Found Xodghi's Armour Emporium.
  2872 | D:3      | Reached skill level 4 in Spellcasting
  3088 | D:4      | Noticed Menkaure
  3093 | D:4      | Killed Menkaure
  3094 | D:4      | Reached XP level 6. HP: 24/45 MP: 7/16
  3330 | D:4      | Reached skill level 5 in Spellcasting
  3331 | D:4      | Reached skill level 1 in Fighting
  3549 | D:4      | Noticed Natasha
  3552 | D:4      | Killed Natasha
  3568 | D:4      | Noticed Natasha
  3570 | D:4      | Killed Natasha
  3644 | D:4      | Reached XP level 7. HP: 11/57 MP: 8/17
  4016 | D:4      | Noticed Natasha
  4023 | D:4      | Killed Natasha
  4268 | D:5      | Entered Level 5 of the Dungeon
  4479 | D:5      | Noticed Grinder
  4612 | D:5      | Reached skill level 5 in Fighting
  4926 | D:5      | Noticed Blork the orc
  4930 | D:5      | Killed Blork the orc
  5220 | D:5      | Reached XP level 8. HP: 54/68 MP: 10/20
  5591 | D:6      | Reached skill level 6 in Spellcasting
  5656 | D:6      | Identified the +4 ring mail of Hedge Wizardry {*Corrode Fly
                  | Will+ Slay+5}
  5942 | D:6      | Noticed Eustachio
  5971 | D:6      | Killed Eustachio
  6741 | D:6      | Found a staircase to the Ecumenical Temple.
  6912 | D:6      | Found a runed translucent door.
  6913 | D:6      | Noticed Crazy Yiuf
  6919 | D:6      | Killed Crazy Yiuf
  7034 | Temple   | Entered the Ecumenical Temple
  7262 | D:7      | Noticed Joseph
  7274 | D:7      | Killed Joseph
  7275 | D:7      | Reached skill level 7 in Spellcasting
  7611 | D:7      | Found Okayges's Assorted Antiques.
  7643 | D:7      | Identified the +10 quarterstaff "Gohap" {venom, rF+}
  7894 | D:7      | Found Fiwyleock's Magic Scroll Boutique.
  7902 | D:7      | Bought a scroll of blinking for 97 gold pieces
  7902 | D:7      | Bought a scroll of teleportation for 39 gold pieces
  8019 | D:7      | Found Gestraso's Weapon Shoppe.
  8168 | D:7      | Reached XP level 9. HP: 74/74 MP: 17/23
  8173 | D:7      | Learned a level 4 spell: Iskenderun's Mystic Blast
  8578 | D:8      | Found a staircase to the Lair.
  8597 | D:8      | Reached skill level 8 in Spellcasting
  8597 | D:8      | Reached skill level 1 in Evocations
  9990 | D:8      | Noticed Maggie
 10128 | D:8      | Killed Maggie
 10129 | D:8      | Reached skill level 5 in Evocations
 10735 | D:9      | Noticed a kobold demonologist
 10736 | D:9      | Noticed a cyclops
 10741 | D:9      | Noticed a smoke demon
 10860 | D:5      | Paralysed by Grinder for 2 turns
 10865 | D:5      | Killed Grinder
 11022 | Lair:1   | Entered Level 1 of the Lair of Beasts
 11074 | Lair:1   | Reached XP level 10. HP: 81/81 MP: 21/26
 11692 | Lair:1   | Noticed a black mamba
 11698 | Lair:1   | Killed a black mamba
 11933 | Lair:1   | Reached skill level 9 in Spellcasting
 12528 | Lair:2   | Noticed a manticore
 12539 | Lair:2   | Killed a manticore
 12540 | Lair:2   | Noticed an elephant
 12714 | Lair:2   | Killed an elephant
 12882 | Lair:2   | Noticed a death yak
 13022 | Lair:2   | Noticed an eight-headed hydra
 13031 | Lair:2   | Killed an eight-headed hydra
 13032 | Lair:2   | Reached XP level 11. HP: 46/92 MP: 7/28
 13261 | Lair:2   | Found a staircase to the Shoals.
 13265 | Lair:2   | Noticed a four-headed hydra
 13275 | Lair:2   | Killed a four-headed hydra
 13627 | Lair:2   | Reached skill level 10 in Conjurations
 13995 | Lair:1   | Killed a death yak
 14268 | Lair:2   | Noticed an eight-headed hydra
 14268 | Lair:2   | Noticed an anaconda
 14268 | Lair:2   | Noticed an anaconda
 14280 | Lair:2   | Killed an anaconda
 14281 | Lair:2   | Reached skill level 10 in Spellcasting
 14283 | Lair:2   | Killed an anaconda
 15165 | Lair:2   | Noticed Urug
 15334 | Lair:2   | Found a hole to the Spider Nest.
 15896 | Lair:2   | Killed an eight-headed hydra
 16283 | Lair:3   | Noticed a six-headed hydra
 16291 | Lair:3   | Killed a six-headed hydra
 16297 | Lair:3   | Reached skill level 11 in Spellcasting
 16867 | Lair:3   | Reached XP level 12. HP: 98/101 MP: 9/31
 17291 | Lair:3   | HP: 5/101 [death yak (20)]
 17297 | Lair:2   | Reached skill level 12 in Spellcasting
 18277 | Lair:3   | Found a runed translucent gate.
 18277 | Lair:3   | Found a runed translucent gate.
 18277 | Lair:3   | Found a runed translucent gate.
 18281 | Lair:3   | Noticed Nefuv's ghost (journeyman MiBe)
 18281 | Lair:3   | Noticed Dismifuto's ghost (journeyman DsCK)
 19638 | Lair:4   | Noticed a five-headed hydra
 19650 | Lair:4   | Killed a five-headed hydra
 21016 | Lair:5   | Reached skill level 13 in Spellcasting
 21026 | Lair:5   | Reached XP level 13. HP: 14/107 MP: 1/35
 21489 | Lair:5   | Found a staircase to the Slime Pits.
 21924 | Lair:6   | Entered Level 6 of the Lair of Beasts
 23407 | Lair:6   | Identified 2 scrolls of acquirement
 23833 | Lair:6   | Found a large runed translucent door.
 23834 | Lair:6   | Found a large runed translucent door.
 26015 | D:9      | Found Quxaisuz's Jewellery Emporium.
 26168 | D:9      | Reached skill level 14 in Spellcasting
 27454 | D:9      | Learned a level 5 spell: Freezing Cloud
 27494 | D:10     | Entered Level 10 of the Dungeon
 27931 | D:10     | Found a runed translucent gate.
 27931 | D:10     | Found a runed translucent gate.
 27931 | D:10     | Found a runed translucent gate.
 27931 | D:10     | Noticed cheechan's ghost (novice NaAE)
 28190 | D:10     | Found Muffetig's Magic Scroll Boutique.
 28198 | D:10     | Bought 3 scrolls of summoning for 427 gold pieces
 29167 | D:11     | Found a staircase to the Orcish Mines.
 29936 | D:11     | Reached XP level 14. HP: 115/115 MP: 25/37
 30108 | D:12     | Found a frozen archway.
 30140 | D:12     | Reached skill level 15 in Conjurations
 30199 | IceCv    | Entered an ice cave
 30573 | IceCv    | Learned a level 4 spell: Fulminant Prism
 32179 | D:12     | Reached skill level 15 in Spellcasting
 33481 | D:13     | Found a gate to the Vaults.
 33965 | D:13     | Noticed Nessos
 33970 | D:13     | HP: 5/115 [Nessos/arrow (1)]
 33971 | D:13     | HP: 1/115 [poisoned by Nessos]
 33984 | D:13     | HP: 1/115 [centaur warrior/arrow (13)]
 34984 | D:13     | Noticed Nessos
 34984 | D:13     | Nessos changed into Nessos the wind drake
 35172 | D:13     | Killed Nessos the wind drake
 36457 | D:14     | Identified the +6 rapier of Makhleb's Respect {freeze,
                  | Will+ Dex+3 SInv}
 36461 | D:14     | Noticed Jorgrun
 36473 | D:13     | Learned a level 3 spell: Mephitic Cloud
 37063 | D:14     | Killed Jorgrun
 38204 | D:15     | Entered Level 15 of the Dungeon
 38258 | D:15     | Reached skill level 10 in Fighting
 38262 | D:15     | Noticed Louise
 38706 | D:15     | Noticed Kirke
 38714 | D:15     | Noticed a sphinx
 38879 | D:14     | Learned a level 5 spell: Lightning Bolt
 38970 | D:14     | Killed Louise
 39199 | D:15     | Paralysed by an orc sorcerer for 6 turns
 39426 | D:15     | Killed Kirke
 39837 | D:15     | Reached skill level 1 in Air Magic
 40135 | D:15     | Reached XP level 15. HP: 129/129 MP: 26/39
 40875 | D:15     | Found a staircase to the Depths.
 41194 | D:10     | Killed cheechan's ghost
 41437 | Lair:2   | Killed Urug
 42032 | Lair:3   | Killed Dismifuto's ghost
 42032 | Lair:3   | Killed Nefuv's ghost
 42375 | Orc:1    | Entered Level 1 of the Orcish Mines
 42493 | Orc:1    | Found Lach's Antique Weapon Boutique.
 42866 | Orc:2    | Entered Level 2 of the Orcish Mines
 43232 | Orc:2    | Found Saurid Lant's Weapon Shop.
 43539 | Orc:2    | Found Egru's Distillery.
 43672 | Orc:2    | Found a staircase to the Elven Halls.
 45470 | Orc:2    | Found Tirrupp's Antique Weapon Boutique.
 45472 | Orc:2    | Found Keurix's Antique Armour Shop.
 45508 | Elf:1    | Entered Level 1 of the Elven Halls
 45511 | Elf:1    | Reached skill level 5 in Air Magic
 45555 | Elf:1    | Learned a level 5 spell: Summon Forest
 46020 | Elf:1    | Reached skill level 1 in Summonings
 46747 | Elf:1    | Paralysed by an air elemental for 1 turns
 46751 | Elf:1    | Paralysed by an air elemental for 1 turns
 46894 | Elf:1    | Reached skill level 16 in Spellcasting
 47994 | Elf:2    | Reached XP level 16. HP: 83/137 MP: 29/41
 48931 | Elf:2    | Reached skill level 5 in Summonings
 49063 | Elf:2    | Found Qicasuw's Armour Boutique.
 50299 | Elf:2    | Found a runed translucent gate.
 50299 | Elf:2    | Found a runed translucent gate.
 50300 | Elf:2    | Found a runed translucent gate.
 51152 | Elf:2    | Noticed a deep elf blademaster
 51526 | Elf:2    | Killed a deep elf blademaster
 51782 | Elf:2    | Reached skill level 17 in Spellcasting
 52246 | Elf:3    | Entered Level 3 of the Elven Halls
 52247 | Elf:3    | Found Peanaah's Armour Shoppe.
 52410 | Elf:3    | Noticed a deep elf blademaster
 52601 | Elf:3    | Found Fiypac's Antique Weapon Emporium.
 52653 | Elf:3    | Found Gacanur's Armour Boutique.
 52715 | Elf:3    | Killed a deep elf blademaster
 53012 | Elf:3    | Found Etuorit's Armour Emporium.
 53291 | Elf:3    | Found Anoap's Jewellery Shop.
 53565 | Elf:3    | Identified the +5 glaive of Evil {speed, Drain rCorr Str+4}
 53573 | Elf:3    | Identified the +0 halberd "Kalos" {protect, *Noise rF++ rN+
                  | Str+2}
 54838 | Elf:3    | Noticed a deep elf master archer
 54849 | Elf:3    | Killed a deep elf master archer
 54850 | Elf:3    | Reached XP level 17. HP: 133/142 MP: 33/44
 56075 | Elf:3    | Identified the +6 hand axe of Frustration {freeze, Str+2}
 56080 | Elf:3    | Noticed a deep elf blademaster
 56082 | Elf:3    | Reached skill level 18 in Spellcasting
 56240 | Elf:3    | Killed a deep elf blademaster
 56406 | Elf:3    | Paralysed by an air elemental for 1 turns
 57319 | Elf:3    | Identified the +1 hunting sling of the Shining Light
                  | {vorpal, rPois rF+}
 57621 | Shoals:1 | Entered Level 1 of the Shoals
 57831 | Spider:1 | Entered Level 1 of the Spider Nest
 58378 | Depths:1 | Entered Level 1 of the Depths
 58858 | Depths:1 | Learned a level 5 spell: Fireball
 58880 | Depths:1 | Found a portal to a secret trove of treasure.
 58913 | Depths:1 | Found a one-way gateway to a ziggurat.
 58915 | Depths:1 | Paralysed by a floating eye for 4 turns
 59223 | Depths:1 | Found a transporter.
 59224 | Depths:1 | Found a transporter.
 59235 | Depths:1 | Found a transporter.
 59237 | Depths:1 | Found a transporter.
 59537 | Depths:1 | Learned a level 6 spell: Iron Shot
 59545 | Depths:1 | Learned a level 7 spell: Spellforged Servitor
 59818 | Depths:1 | Found a transporter.
 60075 | Depths:1 | Found a transporter.
 60499 | Depths:1 | Found a gateway to Hell.
 60514 | Depths:1 | Paralysed by a floating eye for 4 turns
 61083 | Depths:2 | Reached skill level 19 in Spellcasting
 61102 | Depths:2 | Noticed a titan
 61103 | Depths:2 | Noticed a golden dragon
 61111 | Depths:2 | Noticed a lich
 61111 | Depths:2 | Killed from afar by a titan

Illustrated notes

Levels and vault maps discovered:
D:1:      lemuel_arrival_tunnels, layout_basic
D:2:      layout_rooms, uniq_sigmund
D:3:      layout_loops_cross, nemelex_spade_bored_becter, serial_shops,
          nicolae_shop_behind_doors, shop, minivault_5
D:4:      layout_rooms, kennysheep_generic_room_5, uniq_natasha, uniq_menkaure
D:5:      layout_basic, nicolae_qazlal_scattered_showers, uniq_blork_the_orc,
          uniq_grinder
D:6:      layout_basic, minmay_temple_entry_fiery, uniq_crazy_yiuf_cottage,
          uniq_eustachio
D:7:      layout_basic, mainiacjoe_overflow_large_starburst, serial_shops, shop,
          nicolae_shop_hallway_stairs, nicolae_shop_hallway_stairs, uniq_joseph
D:8:      layout_basic, david_lair_generic, serial_corexii_hall,
          corexii_hall_statues_deadend, corexii_hall_statues_deadend,
          fungi_pond_lemuel, introduction_to_nature_2, uniq_maggie
D:9:      minmay_the_grid_triangle_9x9_rhombus_thin
          [minmay_the_grid_triangle_9x9_swiss_cheese,
          minmay_the_grid_triangle_9x9_prize_center,
          minmay_the_grid_triangle_9x9_sparse_checkered,
          minmay_the_grid_triangle_9x9_warning], layout_cave_pools,
          serial_shops, nicolae_stop_n_shop_2, enter_bailey_2
D:10:     layout_roguey, serial_shops, shop, gammafunk_ghost_split
D:11:     layout_roguey, erik_orc_4, minmay_ruined_shrine
D:12:     layout_long_grid, portal_ice_cave_entry_ice_simulacra, special_room
          [special_room_orc]
D:13:     layout_long_grid, david_vaults_3, uniq_nessos
D:14:     layout_loops_cross, infiniplex_staircase_zigzag_3, uniq_jorgrun
D:15:     grunt_enter_depths_hoard, layout_rooms, trog_hazing_becter,
          uniq_louise, uniq_kirke
Temple:   mainiacjoe_temple_coin_purse
Lair:1:   layout_cave_pods, grunt_megastairs_3
Lair:2:   layout_loops_ring, elwin_shoals_entry_rocks, spider_nest_entry_rubble,
          nicolae_lair_lakeside_cave, uniq_urug
Lair:3:   layout_chaotic_city, gammafunk_ghost_cemetery,
          infiniplex_staircase_pool_2
Lair:4:   layout_regular_city
Lair:5:   layout_cave_pods, minmay_slime_entry_oklob_enclosed,
          grunt_megastairs_2, lemuel_fruit_fields
Lair:6:   cheibrodos_lair_end_hotspot, layout_cave_pods
Shoals:1: layout_shoals
Spider:1: layout_spider_delve
Orc:1:    layout_caves, serial_shops, nicolae_shop_waterfront
Orc:2:    grunt_orc_community_town_hall, layout_caves,
          grunt_orc_community_big_house_1, grunt_orc_community_big_house_2,
          grunt_orc_community_house_1, grunt_orc_community_house_1,
          grunt_orc_community_house_3, grunt_orc_community_house_2,
          grunt_orc_community_house_2
Elf:1:    minmay_elf_arrival_plus, layout_geoelf_diagonals, minivault_28,
          solitary_fountain
Elf:2:    elven_hall_of_blades_hangedman_original
          [nicolae_blade_entry_area_security], layout_geoelf_grid, serial_shops,
          shop_statue
Elf:3:    elf_hall, layout_loops_ring, serial_shops, shop_fountains,
          nicolae_shop_crystal, shop, nicolae_shop_waterfront,
          nicolae_diamond_shop
Depths:1: layout_gridlike, enter_ziggurat_c, nicolae_tso_swordbearing_angel,
          nicolae_trove_entry_free_sample, hell_entry, serial_nicolae_subway,
          nicolae_sub_station_metal, nicolae_sub_station_stone,
          nicolae_sub_station_crystal
Depths:2: hangedman_box_tower, layout_cave_pools, hell_entry,
          nicolae_ashenzari_panopticon, grunt_pan_entry_sceptre,
          mu_enter_wizlab_4, infiniplex_staircase_spiral

Skill      XL: |  1  2  3  4  5  6  7  8  9 10 11 12 13 14 15 16 17 |
---------------+----------------------------------------------------+-----
Spellcasting   | 2 3 4 5 7 8 9 11 13 14 15 16 17 19 | 19.0
Conjurations   | 4 5 7 8 9 11 13 14 15 16 18 | 18.0
Fighting       | 3 5 7 8 11 12 | 12.0
Evocations     | 5 8 |  8.0
Air Magic      | 1 5 |  5.0
Summonings     | 4 5 |  5.0
Dodging        | |  1.7
Stealth        | |  1.7

Action                   |  1- 3 |  4- 6 |  7- 9 | 10-12 | 13-15 | 16-18 || total
-------------------------+-------+-------+-------+-------+-------+-------++-------
Melee: Staff             |    18 |       |    71 |    90 |   267 |    35 ||   481
       Punch             |       |       |     1 |     1 |     5 |       ||     7
       Quarterstaff      |       |       |       |     7 |    15 |       ||    22
       Rapier            |       |       |       |       |     2 |       ||     2
Throw: Dart              |       |       |       |     1 |     2 |       ||     3
 Cast: Magic Dart        |    62 |    37 |   126 |    56 |   215 |       ||   496
       Searing Ray       |     1 |    10 |    64 |    99 |   156 |    12 ||   342
       Iskenderun's Myst |       |       |     3 |   132 |   226 |    79 ||   440
       Freezing Cloud    |       |       |       |       |    14 |     5 ||    19
       Fulminant Prism   |       |       |       |       |   174 |    76 ||   250
       Mephitic Cloud    |       |       |       |       |    18 |    10 ||    28
       Lightning Bolt    |       |       |       |       |    66 |   180 ||   246
       Summon Forest     |       |       |       |       |     1 |     3 ||     4
       Iron Shot         |       |       |       |       |       |    28 ||    28
       Fireball          |       |       |       |       |       |     5 ||     5
       Spellforged Servi |       |       |       |       |       |     1 ||     1
Evoke: Condenser vane    |       |       |       |     1 |       |     2 ||     3
       Wand              |       |       |       |     1 |     9 |     4 ||    14
       Phial of floods   |       |       |       |       |     2 |     2 ||     4
       Phantom mirror    |       |       |       |       |       |     1 ||     1
  Use: Scroll            |       |       |       |     7 |    14 |     8 ||    29
       Potion            |       |       |       |       |     2 |       ||     2
 Stab: Sleeping          |       |       |     1 |       |       |       ||     1
Armor: Robe              |     5 |     1 |     4 |    84 |   114 |    30 ||   238
       Leather armour    |       |       |    45 |       |       |       ||    45
       Ring mail         |       |       |     8 |       |       |       ||     8
       Steam dragon scal |       |       |     3 |    22 |       |       ||    25
       Ice dragon scales |       |       |       |       |   107 |       ||   107
Dodge: Dodged            |    15 |     3 |   141 |   299 |   443 |   103 ||  1004
Block: Buckler           |       |       |       |       |       |     1 ||     1
